 Dungeon Crawl Stone Soup version 0.28-a0-535-g6f645e4c1d (webtiles) character file.

Game seed: 8765652441036341703

70 ytrimaz the Cudgeller (level 4, 0/41 HPs)
             Began as a Minotaur Berserker on Sept 27, 2021.
             Was a Believer of Trog.
             Slain by Grinder (3 damage)
             ... on level 3 of the Dungeon.
             The game lasted 00:02:39 (2194 turns).

ytrimaz the Cudgeller (Minotaur Berserker)          Turns: 2194, Time: 00:02:40

Health: 0/41       AC:  3    Str: 23    XL:     4   Next: 3%
Magic:  3/3        EV: 12    Int:  4    God:    Trog [**....]
Gold:   71         SH:  0    Dex:  9    Spells: 3/3 levels left

rFire   . . .      SeeInvis .   a - +0 mace
rCold   . . .      Faith    .   (no shield)
rNeg    . . .      Spirit   .   b - +0 animal skin
rPois   .          Reflect  .   (helmet restricted)
rElec   .          Harm     .   (no cloak)
rCorr   .          Rampage  .   h - +0 pair of gloves
Will    .....                   (no boots)
Stlth   +.........              (no amulet)
HPRegen 0.13/turn               (no ring)
MPRegen 0.08/turn               (no ring)

@: no status effects
A: horns 2, retaliatory headbutt
a: Renounce Religion, Berserk, Trog's Hand


You were on level 3 of the Dungeon.
You worshipped Trog.
Trog was pleased with you.
You visited 1 branch of the dungeon, and saw 3 of its levels.

You collected 71 gold pieces.

Inventory:

Hand Weapons
 a - a +0 mace (weapon)
Armour
 b - a +0 animal skin (worn)
 h - a +0 pair of gloves (worn)
Scrolls
 d - a scroll of identify
Potions
 c - 2 potions of haste {unknown}
 e - a potion of mutation {unknown}
 f - a potion of heal wounds {unknown}
 j - a potion of lignification {unknown}
 k - 2 potions of might {unknown}


   Skills:
 * Level 4.4 Fighting
 * Level 4.8 Maces & Flails
 + Level 2.7 Armour
 + Level 2.8 Dodging


You had 3 spell levels left.
You didn't know any spells.
Your spell library was empty.

Dungeon Overview and Level Annotations

Branches:
Dungeon (3/15)

Altars:
Cheibriados

Shops:
D:1 ?

Annotations:
D:3 Grinder


Innate Abilities, Weirdness & Mutations

You have a pair of horns on your head.
You reflexively headbutt those who attack you in melee.


Message History

Press: ? - help, Dir - move target
As you read the scroll of blinking, it crumbles to dust.
You barely miss Grinder. Your headbutt misses Grinder.
Grinder is lightly wounded.
Grinder hits you but does no damage.
You barely miss Grinder.
Grinder is lightly wounded.
Grinder gestures at you. Pain shoots through your body!
* * * LOW HITPOINT WARNING * * *
You closely miss Grinder. You headbutt Grinder!
Grinder is heavily wounded.
Grinder hits you.
* * * LOW HITPOINT WARNING * * *
You writhe in agony.
* * * LOW HITPOINT WARNING * * *
Unknown command.
You barely miss Grinder. You headbutt Grinder.
Grinder is heavily wounded.
Grinder gestures at you.
You barely resist.
Grinder says, "Just stop there for a second..."
Grinder gestures at you. Pain shoots through your body!
* * * LOW HITPOINT WARNING * * *
You barely miss Grinder.
Grinder is heavily wounded.
Grinder says, "There's only one good use for a tongue: cutting it out."
Grinder gestures at you.
You suddenly lose the ability to move!
Grinder hits you but does no damage.
You recover from your berserk rage.
Grinder barely misses you.
You can move again.
You closely miss Grinder. You headbutt Grinder!
Grinder is severely wounded.
Grinder hits you.
* * * LOW HITPOINT WARNING * * *
You writhe in agony.
You die...

#......#.##..##......≈.≈
##......#.##..##......≈≈≈
.......... #..##.........
##.......###..##.........
.......?.................
.........................
......#.†.....>..........
..... #.(##.##.##........
.... #.@####...#........
......#.5# #.P.#........
.........# #...########.
............##.##........
...#...#.###.#.#...####..
.. #.##### #.# #####..
... ...###...#.. ...
.....P.... ### .###...#..


You could see Grinder.

Vanquished Creatures
  An adder (D:3)
  2 dart slugs (D:1)
  3 orcs (D:2)
  3 ball pythons
  3 endoplasms
  A giant cockroach (D:2)
  7 goblins
  10 hobgoblins
  3 quokkas
  4 bats
  2 frilled lizards
  2 kobolds (D:1)
  7 rats
48 creatures vanquished.

Notes
Turn   | Place    | Note
-------+----------+-------------------------------------------
     0 | D:1      | ytrimaz the Minotaur Berserker began the quest for the Orb.
     0 | D:1      | Reached XP level 1. HP: 19/19 MP: 0/0
    34 | D:1      | Reached XP level 2. HP: 5/27 MP: 1/1
   386 | D:1      | Found Umehum's Magic Scroll Shoppe.
   835 | D:1      | Reached ** piety under Trog
   839 | D:1      | Reached XP level 3. HP: 20/33 MP: 2/2
  1310 | D:1      | You fall into a shaft and drop 1 floor!
  1894 | D:2      | Found a snail-covered altar of Cheibriados.
  2160 | D:3      | Noticed Grinder
  2167 | D:3      | Reached XP level 4. HP: 41/41 MP: 3/3
  2168 | D:3      | Paralysed by Grinder for 3 turns
  2191 | D:3      | Paralysed by Grinder for 3 turns
  2194 | D:3      | Slain by Grinder

Illustrated notes

Levels and vault maps discovered:
D:1:      dpeg_arrival_round_c, layout_basic, serial_shops, shop,
          chequers_decorated_corner
D:2:      layout_rooms, basic_altar, nrook_campfire, guppyfry_early_orc_mine
D:3:      layout_rooms, nicolae_wu_jian_wuxing_cycle, elyvilon_altar_1,
          minmay_splitting_lines, minivault_27, chequers_serial_rivers_micro_d,
          kennysheep_generic_room_9, uniq_sigmund, uniq_grinder

Skill      XL: |  1  2 |
---------------+-------+-----
Maces & Flails | 4 |  4.8
Fighting       | 4 |  4.4
Armour         | |  2.7
Dodging        | |  2.8

Action                   |  1- 3 |  4- 6 || total
-------------------------+-------+-------++-------
Melee: Mace              |    77 |    10 ||    87
       Headbutt          |    14 |     4 ||    18
Invok: Berserk           |     1 |       ||     1
       Trog's Hand       |     1 |       ||     1
  Use: Scroll            |       |     3 ||     3
Armor: Animal skin       |    20 |     4 ||    24
Dodge: Dodged            |    66 |     5 ||    71

Table legend: (Time is in decaauts)
 A = Elapsed time spent in this place.
 B = Non-inter-level travel time spent in this place.
 C = Inter-level travel time spent in this place.
 D = Time resting spent in this place.
 E = Time spent auto-exploring this place.
 F = Levels seen in this place.
 G = Mean time per level.
                   A        B        C        D        E       F      G
               +--------+--------+--------+--------+--------+-----+--------+
         Total |   2216 |   2171 |     45 |    286 |   1476 |   3 |  738.7 |
       Dungeon |   2216 |   2171 |     45 |    286 |   1476 |   3 |  738.7 |
               +--------+--------+--------+--------+--------+-----+--------+

Top non-repeatable levels by time:
     D:1: 1527 daAuts
     D:2: 555 daAuts
     D:3: 133 daAuts
